 Dungeon Crawl Stone Soup version 0.24.0-13-gcf9b319 (webtiles) character file.

Game seed: 9208322815463485483, levelgen mode: deterministic

4421 ClockworkOrrery the Warrior (level 10, 0/77 HPs)
             Began as a Gargoyle Fighter on Mar 26, 2020.
             Was a Priest of the Shining One.
             Slain by an 11-headed hydra (8 damage)
             ... on level 8 of the Dungeon.
             The game lasted 00:24:17 (8290 turns).

ClockworkOrrery the Warrior (Gargoyle Fighter)      Turns: 8290, Time: 00:24:17

Health: 0/77       AC: 19    Str: 28    XL:     10   Next: 36%
Magic:  10/10      EV:  4    Int: 12    God:    the Shining One [***...]
Gold:   355        SH: 14    Dex:  4    Spells: 9/9 levels left

rFire    . . .     SeeInvis .   H - +3 spear
rCold    . . .     Gourm    .   q - +0 large shield
rNeg     + + .     Faith    .   C - +0 chain mail
rPois    ∞         Spirit   .   (no helmet)
rElec    +         Reflect  .   O - +0 cloak
rCorr    .         Harm     +   z - +0 pair of gloves
MR       .....                  B - +0 pair of boots
Stlth    ..........             A - amulet of harm
HPRegen  0.22/turn              l - +3 ring of slaying
MPRegen  0.12/turn              L - ring of Wules {Str+8 Dex-5}

@: about to teleport, glowing
A: negative energy resistance 1, electricity resistance, unbreathing,
petrification resistance, rot immunity, AC +7
a: Divine Shield, Renounce Religion


You were on level 8 of the Dungeon.
You worshipped the Shining One.
The Shining One was most pleased with you.
You were not hungry.

You visited 2 branches of the dungeon, and saw 9 of its levels.

You collected 604 gold pieces.
You spent 249 gold pieces at shops.

Inventory:

Hand Weapons
 a - a +0 flail
 r - a +2 dagger of freezing
 H - a +3 spear (weapon)
Armour
 q - a +0 large shield (worn)
 v - a cursed +0 robe
 z - a +0 pair of gloves (worn)
 B - a +0 pair of boots (worn)
 C - a +0 chain mail (worn)
 M - a +2 leather armour of fire resistance
 O - a +0 cloak (worn)
Jewellery
 l - a +3 ring of slaying (left hand)
 s - an uncursed ring of see invisible
 A - an amulet of harm (around neck)
 L - the ring of Wules (right hand) {Str+8 Dex-5}
   (You found it on level 7 of the Dungeon)

   [ring of dexterity]

   It affects your strength (+8).
   It affects your dexterity (-5).
Wands
 h - a wand of flame (40)
 N - a wand of iceblast (6)
 Q - a wand of digging (8)
Scrolls
 e - 5 scrolls of remove curse
 g - a scroll of random uselessness {unknown}
 i - 4 scrolls of blinking {unknown}
 m - 2 scrolls of identify
 n - 2 scrolls of fog {unknown}
 o - 2 scrolls of immolation {unknown}
 p - 7 scrolls of magic mapping {unknown}
 t - 4 scrolls of teleportation
 u - a scroll of noise {unknown}
 w - 2 scrolls of enchant armour
 x - 2 scrolls of fear {unknown}
 y - 3 scrolls of enchant weapon {unknown}
 G - a scroll of amnesia {unknown}
Potions
 b - a potion of invisibility {unknown}
 c - a potion of heal wounds {unknown}
 d - a potion of might
 j - a potion of haste {unknown}
 k - 2 potions of resistance {unknown}
 D - 5 potions of flight {unknown}
 E - a potion of brilliance {unknown}
 F - a potion of cancellation {unknown}
 I - 4 potions of curing {unknown}
 J - a potion of mutation {unknown}
 K - a potion of agility
Comestibles
 f - 19 rations
 P - 3 chunks of flesh


   Skills:
 * Level 15.5 Fighting
 - Level 2.0 Maces & Flails
 - Level 3.2 Armour
 - Level 3.2 Shields


You had 9 spell levels left.
You didn't know any spells.
Your spell library contained the following spells:

 Spells                   Type           Power        Failure   Level  Hunger
 Corona                   Hex            #......      100%        1    ##.....
 Ensorcelled Hibernation  Hex/Ice        #.....       100%        2    ###....
 Confuse                  Hex            #.......     100%        3    ####...
 Dazzling Spray           Conj/Hex       #.....       100%        3    ####...
 Tukima's Dance           Hex            #.......     100%        3    ####...


Dungeon Overview and Level Annotations

Branches:
Dungeon (8/15)             Temple (1/1) D:5
   Lair: D:8-11

Altars:
Ashenzari
Cheibriados
Dithmenos
Elyvilon
Fedhas
Gozag
Hepliaklqana
Kikubaaqudgha
Makhleb
Nemelex Xobeh
Okawaru
Qazlal
Ru
Sif Muna
Uskayaw
Vehumet
Wu Jian
Xom
Yredelemnul
Zin
The Shining One

Shops:
D:4 ?=[=(

Annotations:
D:8 Squip's ghost, novice DgWz


Innate Abilities, Weirdness & Mutations

You are resistant to torment.
Your stone body is resilient. (AC +7)
You are immune to poison.
You resist negative energy. (rN+)
You are resistant to electric shocks. (rElec)
You can survive without breathing.
You are immune to petrification.
You are immune to rotting.


Message History

The 11-headed hydra is moderately wounded.
Squip's ghost gestures wildly while chanting.
Squip's ghost blinks!
The 11-headed hydra bites you but does no damage.
The 11-headed hydra bites you. You block the 11-headed hydra's attack.
The 11-headed hydra bites you! You block the 11-headed hydra's attack.
The 11-headed hydra bites you but does no damage.
You block the 11-headed hydra's attack.
The 11-headed hydra bites you but does no damage.
The 11-headed hydra bites you.
* * * LOW HITPOINT WARNING * * *
The 11-headed hydra bites you.
* * * LOW HITPOINT WARNING * * *
The 11-headed hydra bites you but does no damage.
As you read the scroll of teleportation, it crumbles to dust.
You feel strangely unstable. The 11-headed hydra bites you!
* * * LOW HITPOINT WARNING * * *
The 11-headed hydra bites you but does no damage.
The 11-headed hydra bites you!
You die...

######### #........# #.....#
........# #........#####.#####
........# #.......)....#.#
........# ########.###.#'###
........# #.# #.....# ........#
#.###.....# ........# #.........#
.....###################.########
.............W..@D§..............
######.......######.../....######
.....#.......# #........###
###.##.......# #..........#
....##.......# #...##'''###
....##.......# #####.....##
....##.......# #......[#
'#####.......# #♣..)..P#
.....#.).....# ♣/..!.♣#


You could see a 11-headed hydra and Squip's ghost.

Vanquished Creatures
  A two-headed ogre (D:8)
  Joseph (D:7)
  A hungry ghost (D:6)
  3 black bears
  4 ice beasts
  3 sky beasts
  An orc warrior (D:7)
  A centaur (D:5)
  5 ogres
  A big kobold (D:8)
  4 bullfrogs
  A water moccasin zombie (D:7)
  4 scorpions
  6 crimson imps
  3 hounds
  A jelly (D:6)
  3 orc priests
  Crazy Yiuf (D:7)
  6 orc wizards
  Natasha (thrice) (D:2)
  An iguana (D:8)
  7 worker ants
  A hound zombie (D:5)
  A hound skeleton (D:7)
  14 gnolls
  5 adders
  2 shadow imps (D:8)
  An ooze (D:2)
  An adder zombie (D:7)
  An adder skeleton (D:8)
  4 worms
  4 leopard geckos
  23 orcs
  7 giant cockroaches
  4 goblins
  18 hobgoblins
  15 jackals
  5 quokkas
  2 ball pythons
  14 bats
  6 frilled lizards
  14 kobolds
  2 leopard gecko skeletons
  A leopard gecko zombie (D:7)
  7 rats
213 creatures vanquished.

Vanquished Creatures (others)
  4 plants (D:8)
4 creatures vanquished.

Grand Total: 217 creatures vanquished

Notes
Turn   | Place    | Note
-------+----------+-------------------------------------------
     0 | D:1      | ClockworkOrrery the Gargoyle Fighter began the quest for
                  | the Orb.
     0 | D:1      | Reached XP level 1. HP: 14/14 MP: 1/1
   112 | D:1      | Reached XP level 2. HP: 19/20 MP: 2/2
   162 | D:1      | Reached skill level 4 in Fighting
   541 | D:1      | Reached XP level 3. HP: 8/24 MP: 3/3
  1119 | D:2      | Reached skill level 5 in Fighting
  1194 | D:2      | Found a glowing golden altar of the Shining One.
  1198 | D:2      | Noticed an angel
  1203 | D:2      | Became a worshipper of the Shining One
  1218 | D:2      | Found a basalt altar of Yredelemnul.
  1220 | D:2      | Noticed a profane servitor
  1231 | D:2      | Noticed Natasha
  1240 | D:2      | Killed Natasha
  1240 | D:2      | Reached XP level 4. HP: 17/31 MP: 4/4
  1410 | D:2      | Noticed Natasha
  1420 | D:2      | Killed Natasha
  1632 | D:2      | Reached skill level 6 in Fighting
  1657 | D:2      | Reached XP level 5. HP: 35/36 MP: 5/5
  1949 | D:2      | Noticed Natasha
  1959 | D:2      | Killed Natasha
  2334 | D:3      | Reached skill level 7 in Fighting
  2346 | D:3      | Reached XP level 6. HP: 42/44 MP: 6/6
  2771 | D:4      | Found Elam's Armour Shop.
  2958 | D:3      | Reached skill level 8 in Fighting
  2966 | D:4      | Reached XP level 7. HP: 15/50 MP: 7/7
  3194 | D:4      | Bought a +0 pair of boots for 63 gold pieces
  3220 | D:4      | Found Cuxyew's Jewellery Shoppe.
  3234 | D:4      | Reached * piety under the Shining One
  3286 | D:4      | Found Kidir's Jewellery Boutique.
  3319 | D:4      | Reached skill level 9 in Fighting
  3453 | D:4      | Found a burning altar of Makhleb.
  3453 | D:4      | Found a shimmering altar of Xom.
  3551 | D:4      | Found Itoppyfi's Antique Weapon Emporium.
  3776 | D:4      | Found Atte's Magic Scroll Boutique.
  3779 | D:4      | Bought a scroll of enchant armour for 90 gold pieces
  3779 | D:4      | Bought a scroll of identify for 24 gold pieces
  3779 | D:4      | Bought a scroll of remove curse for 36 gold pieces
  3779 | D:4      | Bought a scroll of teleportation for 36 gold pieces
  3803 | D:5      | Entered Level 5 of the Dungeon
  3865 | D:5      | Found a staircase to the Ecumenical Temple.
  3891 | Temple   | Entered the Ecumenical Temple
  4188 | D:5      | Reached skill level 10 in Fighting
  4197 | D:5      | Reached XP level 8. HP: 25/57 MP: 8/8
  4269 | D:5      | Reached skill level 11 in Fighting
  4570 | D:5      | Found a glowing silver altar of Zin.
  5194 | D:6      | Found a sparkling altar of Nemelex Xobeh.
  5194 | D:6      | Found a shattered altar of Ashenzari.
  5285 | D:6      | Reached skill level 12 in Fighting
  5341 | D:6      | Reached ** piety under the Shining One
  5347 | D:6      | Reached XP level 9. HP: 66/66 MP: 9/9
  5353 | D:6      | Found an opulent altar of Gozag.
  5383 | D:6      | Found a hazy altar of Hepliaklqana.
  5896 | D:7      | Reached skill level 13 in Fighting
  6636 | D:7      | Got a transparent marble ring
  6638 | D:7      | Noticed Joseph
  6683 | D:7      | Killed Joseph
  6683 | D:7      | Reached skill level 14 in Fighting
  6927 | D:7      | Found a runed translucent door.
  6928 | D:7      | Noticed Crazy Yiuf
  7216 | D:7      | Killed Crazy Yiuf
  7216 | D:7      | Reached XP level 10. HP: 76/76 MP: 6/10
  7310 | D:8      | Found a runed translucent gate.
  7460 | D:8      | Found a runed translucent gate.
  7460 | D:8      | Noticed Squip's ghost (novice DgWz)
  7460 | D:8      | Noticed an 11-headed hydra
  7463 | D:8      | Found a runed translucent gate.
  7472 | D:8      | Identified the cursed ring of Wules {Str+8 Dex-5} (You
                  | found it on level 7 of the Dungeon)
  7562 | D:8      | Noticed a two-headed ogre
  7574 | D:8      | Killed a two-headed ogre
  7574 | D:8      | Reached skill level 15 in Fighting
  7865 | D:8      | Found a blossoming altar of Fedhas.
  8076 | D:8      | Reached *** piety under the Shining One
  8290 | D:8      | Slain by an 11-headed hydra

Levels and vault maps discovered:
D:1:      minmay_arrival_jagged, layout_loops_corners
D:2:      layout_rooms, grunt_temple_overflow_holy_war, first_ration,
          uniq_natasha
D:3:      layout_rooms, chequers_jeans
D:4:      layout_cave_pools, grunt_temple_overflow_champion_of_chaos,
          serial_shops, shop, shop, shop, nicolae_shop_stone, kennysheep_mini,
          nrook_campfire
D:5:      layout_basic, lemuel_doored_altar, minmay_temple_entry_waves,
          st_stairs_11
D:6:      layout_basic, lemuel_crystal_altar, lemuel_round_altar,
          chequers_temple_overflow_statue_of_worship, roderic_lattice_a
D:7:      layout_basic, uniq_crazy_yiuf_cottage, uniq_joseph
D:8:      layout_basic, kennysheep_little_box, gammafunk_ghost_hydra_chop
Temple:   chequers_temple_sunken

Skill      XL: |  1  2  3  4  5  6  7  8  9 10 |
---------------+-------------------------------+-----
Fighting       | 4 5 6 7 8 10 12 14 15 | 15.5
Maces & Flails | |  2.0
Armour         | |  3.2
Shields        | |  3.2

Action                   |  1- 3 |  4- 6 |  7- 9 | 10-12 || total
-------------------------+-------+-------+-------+-------++-------
Melee: Flail             |   166 |   182 |   414 |       ||   762
       Dagger            |       |       |    95 |    53 ||   148
       Spear             |       |       |       |    42 ||    42
  Use: Scroll            |       |       |     2 |     6 ||     8
  Eat: Chunk             |     1 |     6 |    17 |     4 ||    28
Armor: Scale mail        |    98 |    80 |    11 |       ||   189
       Chain mail        |       |       |   312 |   109 ||   421
Dodge: Dodged            |    65 |    38 |    51 |    24 ||   178
Block: Shield            |   112 |    24 |       |       ||   136
       Large shield      |       |   111 |   416 |    98 ||   625
